 Dungeon Crawl Stone Soup version 0.29.1-2-gbd0b4ee654 (console) character file.

Game seed: 14988277410179090400

56 Goreval the Insei (level 3, -2/26 HPs)
             Began as a Merfolk Transmuter on Nov 15, 2022.
             Slain by an adder (3 damage)
             ... on level 2 of the Dungeon.
             The game lasted 00:09:25 (1623 turns).

Goreval the Insei (Merfolk Transmuter)              Turns: 1623, Time: 00:09:25

Health: -2/26      AC:  2    Str: 10    XL:     3   Next: 95%
Magic:  6/6        EV: 13    Int: 14    God:
Gold:   80         SH:  0    Dex: 14    Spells: 0/6 levels left

rFire   . . .      SeeInvis .     - Unarmed
rCold   . . .      Faith    .   (no shield)
rNeg    . . .      Spirit   .   a - +0 robe
rPois   .          Reflect  .   (no helmet)
rElec   .          Harm     .   (no cloak)
rCorr   .          Rampage  .   (no gloves)
Will    .....                   (no boots)
Stlth   +.........              i - amulet of the acrobat
HPRegen 0.08/turn               m - ring of flight
MPRegen 0.10/turn               (no ring)

@: lethally poisoned (-2 -> -9), flying, hasted, very quick
A: (nimble swimmer 2), mertail
a: no special abilities


You were on level 2 of the Dungeon.
You visited 1 branch of the dungeon, and saw 2 of its levels.

You collected 80 gold pieces.

Inventory:

Missiles
 c - 15 stones (quivered)
Armour
 a - a +0 robe (worn)
Jewellery
 h - an amulet of magic regeneration
 i - an amulet of the acrobat (around neck)
 m - a ring of flight (left hand)
Scrolls
 d - a scroll of immolation {unknown}
 f - a scroll of identify {unknown}
 k - a scroll of brand weapon {unknown}
 l - a scroll of teleportation {unknown}
Potions
 b - a potion of lignification
 e - 2 potions of curing {unknown}
 g - 2 potions of degeneration {unknown}
 j - a potion of might {unknown}
 n - a potion of mutation {unknown}
 o - a potion of haste
 p - a potion of brilliance {unknown}


   Skills:
 + Level 1.6 Fighting
 + Level 3.1 Dodging
 * Level 4.0 Unarmed Combat
 + Level 2.2 Spellcasting
 * Level 3.6 Transmutations
 + Level 0.3 Poison Magic


You couldn't memorise any spells.
You knew the following spells:

 Your Spells              Type           Power      Damage    Failure   Level
a - Beastly Appendage     Tmut           22%        N/A       4%          1
b - Wereblood             Tmut           11%        N/A       8%          2
c - Spider Form           Tmut/Pois      7%         N/A       30%         3

Your spell library contained the following spells:

 Spells                   Type           Power      Damage    Failure   Level
 Scorch                   Fire           2%         2d5       34%         2
 Ice Form                 Ice/Tmut       6%         N/A       73%         4
 Flame Wave               Conj/Fire      1%         2d4       93%         4
 Summon Cactus Giant      Summ           0%         N/A       100%        6


Dungeon Overview and Level Annotations

Branches:
Dungeon (2/15)

Altars:


Innate Abilities, Weirdness & Mutations

((You are very nimble when in or above water. (Stealth+, EV+, Speed+++)))
Your lower body shifts to a powerful aquatic tail in water.


Message History

You closely miss the kobold. You headbutt the kobold.
You kill the kobold!
No target in view!
No target in view!
No target in view!
No target in view!
No target in view!
No target in view!
No target in view!
No target in view!
No target in view!
No target in view!
No target in view!
No target in view!
You now have 80 gold pieces (gained 5).
Things that are here:
a +1 short sword of venom; a kobold corpse An adder comes into view.
You closely miss the adder. Your headbutt misses the adder.
The adder bites you but does no damage.
You barely miss the adder. The adder closely misses you.
You hit the adder. The adder completely misses you.
You completely miss the adder. The adder barely misses you.
You closely miss the adder. Your headbutt misses the adder.
The adder bites you but does no damage.
You hit the adder. The adder bites you.
You are poisoned.
The adder poisons you! The adder bites you.
You closely miss the adder. Your headbutt misses the adder.
You feel sick. The adder bites you.
You hit the adder but do no damage.
Your horns disappear.
You feel sick. The adder bites you.
You barely miss the adder. The adder bites you.
* * * LOW HITPOINT WARNING * * *
You hit the adder.
You feel sick. The adder bites you.
* * * LOW HITPOINT WARNING * * *
You are lethally poisoned!
The adder poisons you! The adder misses you.
It was a potion of haste.
You feel yourself speed up.
* * * LOW HITPOINT WARNING * * *
You feel sick. The adder bites you.
You die...

#.#..##...##
#.#.#####÷.##
#.###.....).###
#.##....###...#
#<#§......###)#
###≈#.........#####
#≈.........>...[.#
##...§....######.#
######.......#
#....####..######
#...............#
#.........)####.#
#..........#
#..........#
#..........####. #.#
#............... #.#
#...........#######..
#...........# #...#.#
#...........###.#.#.#
###########.....#<#.#
# ####..#.#.##.#
#..†...@S.#
#.##.#.###....#
#.##....[ ###
#.##.....#
...?.#.....
#.#####...## #.# ####
#.#


You could see an adder.

Vanquished Creatures
  2 adders (D:2)
  A worm (D:2)
  3 dart slugs
  A ball python (D:2)
  An endoplasm (D:1)
  2 giant cockroaches (D:1)
  A goblin (D:2)
  3 hobgoblins
  A quokka (D:1)
  3 bats (D:2)
  2 frilled lizards
  5 kobolds
  7 rats
32 creatures vanquished.

Vanquished Creatures (others)
  3 fungi (D:2)
  2 plants (D:2)
5 creatures vanquished.

Grand Total: 37 creatures vanquished

Notes
Turn   | Place    | Note
-------+----------+-------------------------------------------
     0 | D:1      | Goreval the Merfolk Transmuter began the quest for the Orb.
     0 | D:1      | Reached XP level 1. HP: 15/15 MP: 3/3
   161 | D:1      | Reached XP level 2. HP: 21/21 MP: 1/5
   804 | D:2      | Reached XP level 3. HP: 15/26 MP: 4/6
   807 | D:2      | Learned a level 2 spell: Wereblood
   811 | D:2      | Learned a level 3 spell: Spider Form
  1394 | D:2      | Reached skill level 4 in Unarmed Combat
  1623 | D:2      | HP: 1/26 [poisoned by an adder]
  1623 | D:2      | Slain by an adder

Illustrated notes

Levels and vault maps discovered:
D:1:      nzn_arrival_settlement, layout_rooms, serial_forest,
          infiniplex_forest_straight_3, infiniplex_forest_diagonal,
          infiniplex_forest_lined_4_way, infiniplex_forest_zigzag_1,
          infiniplex_forest_end_double, infiniplex_forest_lined_room_2,
          chequers_serial_rivers_room_a
D:2:      layout_basic, shapermc_ecumenical_altar_hornbeckon, kennysheep_nub,
          minmay_pentomino_v2

Skill      XL: |  1  2  3 |
---------------+----------+-----
Transmutations | 3 |  3.6
Dodging        | 3 |  3.1
Unarmed Combat | 4 |  4.0
Fighting       | |  1.6
Spellcasting   | |  2.2
Poison Magic   | |  0.3

Action                   || total
-------------------------++-------
Melee: Unarmed           ||   114
       Headbutt          ||    10
       Punch             ||     1
Throw: Stone             ||    11
 Cast: Beastly Appendage ||    19
  Use: Potion            ||     1
Armor: Robe              ||    19
Dodge: Dodged            ||    62
